 Dungeon Crawl Stone Soup version 0.17-a0-1887-g3e50df6 (webtiles) character file.

114 tablen the Magician (level 4, -1/43 HPs)
             Began as an Octopode Wanderer on Sept 23, 2015.
             Slain by an orc
             ... wielding a +0 hand axe
              (3 damage)
             ... on level 7 of the Dungeon.
             The game lasted 00:20:34 (2683 turns).

tablen the Magician (Octopode Wanderer)             Turns: 2683, Time: 00:20:34

Health: -1/43      AC: 22    Str: 11    XL:     4   Next: 97%
Magic:  6/9        EV:  2    Int: 17    God:
Gold:   115        SH:  8    Dex: 14    Spells: 1 memorised, 9 levels left

rFire  + . .     SeeInvis .     o - -2 flail (curse)
rCold  x . .     Clarity  .     a - +0 shield
rNeg   + + +     SustAt   .     (helmet currently unavailable)
rPois  +         Gourm    .     p - amulet of stasis
rElec  .         Spirit   .     m - ring of fire
rCorr  .         Warding  .     (no ring)
rMut   .         Stasis   +     (no ring)
MR     .....                    (no ring)
Stlth  +.........               (no ring)
                                (no ring)
                                (no ring)
                                (no ring)

@: brilliant, tree-form, very slightly contaminated, drained, not resistant to
hostile enchantments, very unstealthy
A: almost no armour, amphibious, 8 rings, (constrict 8), (camouflage 0),
(gelatinous body 0)
a: no special abilities


You were on level 7 of the Dungeon.
You were completely stuffed.
You were a tree.
You visited 2 branches of the dungeon, and saw 8 of its levels.
You also visited: Ossuary.

You collected 115 gold pieces.

Inventory:

Hand weapons
 d - a +0 dagger
 h - a +0 mace
 o - a cursed -2 flail (weapon)
Armour
 a - a +0 shield (worn)
Jewellery
 m - a ring of fire (left branch)
 p - an amulet of stasis (around neck)
 q - a +2 ring of intelligence {unknown}
Scrolls
 l - 2 scrolls of identify
 r - a scroll of fog {unknown}
Books
 b - Nohoff's Compendium of the Blaze

   Spells                             Type                      Level
   a - Flame Tongue                   Conjuration/Fire             1
   b - Inner Flame                    Hexes/Fire                   3
 s - a book of Envenomations

   Spells                             Type                      Level
   a - Spider Form                    Transmutation/Poison         3
   b - Alistair's Intoxication        Transmutation/Poison         4
   c - Olgreb's Toxic Radiance        Poison                       4
   d - Poisonous Cloud                Conjuration/Poison/Air       6
Comestibles
 e - a bread ration
 g - 2 beef jerkies


   Skills:
 * Level 2.2(1.9) Fighting
 + Level 0.4(0.1) Maces & Flails
 + Level 2.7(2.4) Shields
 - Level 3.9(3.6) Spellcasting
 - Level 0.2(0.0) Conjurations
   Level 2.0(1.7) Translocations
 * Level 0.8(0.5) Fire Magic
   Level 3.0(2.6) Ice Magic


You had 9 spell levels left.
You knew the following spells:

 Your Spells              Type           Power        Failure   Level  Hunger
a - Flame Tongue          Conj/Fire      ###..        14%         1    None


Dungeon Overview and Level Annotations

Branches:
Dungeon (7/15)             Temple (1/1) D:5

Altars:
Cheibriados
Dithmenos
Gozag
Kikubaaqudgha
Makhleb
Qazlal
Sif Muna
Trog


Innate Abilities, Weirdness & Mutations

You cannot wear most types of armour.
You are amphibious.
You can wear up to eight rings at the same time.
((You can use your tentacles to constrict eight enemies at once.))
((Your skin changes colour to match your surroundings (Stealth).))
((Your rubbery body absorbs attacks (AC +1).))


Message History

You hit the big kobold but do no damage.
The big kobold is severely wounded.
The orc wizard mumbles some strange words.
The orc wizard blinks!
The big kobold hits you but does no damage.
The kobold hits you but does no damage. You block the orc's attack.
Something hits you.
* * * LOW HITPOINT WARNING * * *
The kobold hits you but does no damage. You block the kobold's attack.
The kobold hits you with a short sword.
* * * LOW HITPOINT WARNING * * *
The big kobold hits you but does no damage.
The kobold hits you but does no damage.
Press: ? - help, v - describe, . - travel The floor.
Your shield prevents you from hitting something.
Something hits you.
* * * LOW HITPOINT WARNING * * *
The orc hits you with a hand axe.
You die...

.$. ...# ....
..)###
....#####...#..
..............
............# .
............#.#
#......#
##......#
#........
#.........
......###..


You could see a big kobold, a jelly, an orc wizard, an orc, a quokka and 5
kobolds.

Vanquished Creatures
  A worker ant (D:5)
  2 adders (D:2)
  An ooze (D:2)
  2 worm zombies (D:6)
  A worm (D:2)
  5 orcs
  2 bats (D:2)
  4 giant cockroaches
  8 hobgoblins
  4 jackals
  2 quokkas (D:2)
  A ball python (D:2)
  3 giant geckos (D:2)
  A giant newt (D:2)
  2 goblins
  4 kobolds
  3 rats
46 creatures vanquished.

Notes
Turn   | Place    | Note
--------------------------------------------------------------
     0 | D:1      | tablen the Octopode Wanderer began the quest for the Orb.
     0 | D:1      | tablen set off with: a +0 shield, Nohoff's Compendium of the Blaze, a potion of curing, a +0 dagger, a bread ration, a !bad item (cl:100,ty:0,pl:0,pl2:0,sp:0,qu:0), a !bad item (cl:100,ty:0,pl:0,pl2:0,sp:0,qu:0), a !bad item (cl:100,ty:0,pl:0,pl2:0,sp:0,qu:0), a !bad item (cl:100,ty:0,pl:0,pl2:0,sp:0,qu:0), a !bad item (cl:100,ty:0,pl:0,pl2:0,sp:0,qu:0), a !bad item (cl:100,ty:0,pl:0,pl2:0,sp:0,qu:0), a !bad item (cl:100,ty:0,pl:0,pl2:0,sp:0,qu:0), a !bad item (cl:100,ty:0,pl:0,pl2:0,sp:0,qu:0), a !bad item (cl:100,ty:0,pl:0,pl2:0,sp:0,qu:0), a !bad item (cl:100,ty:0,pl:0,pl2:0,sp:0,qu:0), a !bad item (cl:100,ty:0,pl:0,pl2:0,sp:0,qu:0), a !bad item (cl:100,ty:0,pl:0,pl2:0,sp:0,qu:0), a !bad item (cl:100,ty:0,pl:0,pl2:0,sp:0,qu:0), a !bad item (cl:100,ty:0,pl:0,pl2:0,sp:0,qu:0), a !bad item (cl:100,ty:0,pl:0,pl2:0,sp:0,qu:0), a !bad item (cl:100,ty:0,pl:0,pl2:0,sp:0,qu:0), a !bad item (cl:100,ty:0,pl:0,pl2:0,sp:0,qu:0), a !bad item (cl:100,ty:0,pl:0,pl2:0,sp:0,qu:0), a !bad item (cl:100,ty:0,pl:0,pl2:0,sp:0,qu:0), a !bad item (cl:100,ty:0,pl:0,pl2:0,sp:0,qu:0), a !bad item (cl:100,ty:0,pl:0,pl2:0,sp:0,qu:0), a !bad item (cl:100,ty:0,pl:0,pl2:0,sp:0,qu:0), a !bad item (cl:100,ty:0,pl:0,pl2:0,sp:0,qu:0), a !bad item (cl:100,ty:0,pl:0,pl2:0,sp:0,qu:0), a !bad item (cl:100,ty:0,pl:0,pl2:0,sp:0,qu:0), a !bad item (cl:100,ty:0,pl:0,pl2:0,sp:0,qu:0), a !bad item (cl:100,ty:0,pl:0,pl2:0,sp:0,qu:0), a !bad item (cl:100,ty:0,pl:0,pl2:0,sp:0,qu:0), a !bad item (cl:100,ty:0,pl:0,pl2:0,sp:0,qu:0), a !bad item (cl:100,ty:0,pl:0,pl2:0,sp:0,qu:0), a !bad item (cl:100,ty:0,pl:0,pl2:0,sp:0,qu:0), a !bad item (cl:100,ty:0,pl:0,pl2:0,sp:0,qu:0), a !bad item (cl:100,ty:0,pl:0,pl2:0,sp:0,qu:0), a !bad item (cl:100,ty:0,pl:0,pl2:0,sp:0,qu:0), a !bad item (cl:100,ty:0,pl:0,pl2:0,sp:0,qu:0), a !bad item (cl:100,ty:0,pl:0,pl2:0,sp:0,qu:0), a !bad item (cl:100,ty:0,pl:0,pl2:0,sp:0,qu:0), a !bad item (cl:100,ty:0,pl:0,pl2:0,sp:0,qu:0), a !bad item (cl:100,ty:0,pl:0,pl2:0,sp:0,qu:0), a !bad item (cl:100,ty:0,pl:0,pl2:0,sp:0,qu:0), a !bad item (cl:100,ty:0,pl:0,pl2:0,sp:0,qu:0), a !bad item (cl:100,ty:0,pl:0,pl2:0,sp:0,qu:0), a !bad item (cl:100,ty:0,pl:0,pl2:0,sp:0,qu:0), a !bad item (cl:100,ty:0,pl:0,pl2:0,sp:0,qu:0), a !bad item (cl:100,ty:0,pl:0,pl2:0,sp:0,qu:0), a !bad item (cl:100,ty:0,pl:0,pl2:0,sp:0,qu:0), a !bad item (cl:100,ty:0,pl:0,pl2:0,sp:0,qu:0)
     0 | D:1      | Reached XP level 1. HP: 11/11 MP: 4/4
     2 | D:1      | Learned a level 1 spell: Flame Tongue
   178 | D:2      | Reached XP level 2. HP: 7/17 MP: 6/6
   738 | D:2      | Reached XP level 3. HP: 9/22 MP: 8/8
  1017 | D:2      | Found a shadowy altar of Dithmenos.
  1022 | D:2      | Found an ancient bone altar of Kikubaaqudgha.
  1275 | D:2      | Reached skill level 1 in Fighting
  1661 | D:2      | Reached XP level 4. HP: 23/28 MP: 9/9
  2038 | D:5      | Entered Level 5 of the Dungeon
  2042 | D:5      | Found a staircase to the Ecumenical Temple.
  2051 | Temple   | Entered the Ecumenical Temple
  2544 | D:6      | Found a sand-covered staircase.
  2565 | Ossuary  | Entered an ossuary
  2637 | D:7      | Noticed a big kobold
  2682 | D:7      | HP: 2/43 [kobold/short sword (1)]
  2683 | D:7      | Slain by an orc

Vault maps used:
D:1:      dpeg_arrival_stone_temple_mockup, minmay_statues_item,
          supply_closet_lemuel, tso_metal_star
D:2:      grunt_temple_overflow_open, st_stairs_6
D:3:      hex_large
D:4:      lemuel_zombie_altar_yredelemnul, serial_shops, shop
D:5:      good_gods_mini_temple, minmay_temple_entry_grid, first_bread,
          minmay_mini_ossuary
D:6:      lemuel_doored_altar, enter_ossuary_3, uniq_duvessa, uniq_menkaure
D:7:      lemuel_crystal_altar, grunt_temple_overflow_diamond, grunt_livestock,
          grunt_gozag_breadcrumbs
Temple:   temple_of_Zot_ovaries
Ossuary:  ossuary_minmay_tomb_2a

Action                   |  1- 3 |  4- 6 || total
-------------------------+-------+-------++-------
Melee: Dagger            |    79 |     6 ||    85
       Flail             |       |    54 ||    54
 Cast: Flame Tongue      |       |    10 ||    10
  Use: Scroll            |     4 |       ||     4
       Potion            |     4 |     8 ||    12
 Stab: Sleeping          |     6 |     1 ||     7
  Eat: Bread ration      |     1 |     2 ||     3
       Pizza             |       |     1 ||     1
